AoeStats
← Captain

Arabia

510278034Analyzed
1v1 RM · 2d ago on Sep 30, 2026· 24m 22s· 2 players
Game mode
Random Map
Map size
Tiny (2 player)
Population
200
Speed
Normal
Resources
Standard
Victory
Conquest
Starting age
Dark Age
Ending age
Imperial Age
RankedLock teamsTeams togetherTeam positionsShared explorationLock speedFull tech treeHidden civsTurbo modeCheats
Victory
Defeat
🇫🇷 Teutons · France
985
+18
🇷🇴 Ethiopians · Romania
1028
-18
Captain
3:23 Loom
11:11 Feudal Age
11:52 Double-Bit Axe
11:50 Horse Collar
14:51 Gold Mining
19:34 Castle Age
21:39 Scale Barding Armor
22:53 Fletching
23:58 Bloodlines
24:49 Forging
Alexandru
9:04 Loom
10:57 Feudal Age
16:43 Castle Age
14:38 Double-Bit Axe
15:31 Fletching
16:56 Crossbowman
19:33 Thumb Ring
21:44 Gold Mining
24:20 Ballistics
Connection lost

Rejoining the realm…

Still unreachable

The connection could not be restored.

Session expired

The server has moved on; the page needs a fresh start.